 Dungeon Crawl Stone Soup version 0.20.0-10-g0535bb4 (webtiles) character file.

232571 Hasart the Devastator (level 18, 0/127 HPs)
             Began as a Demonspawn Wizard on June 2, 2017.
             Was a High Priest of Sif Muna.
             Slain by a naga warrior
             ... wielding a +0 scimitar
              (1 damage)
             ... on level 2 of the Snake Pit on June 3, 2017.
             The game lasted 03:33:29 (47630 turns).

Hasart the Devastator (Demonspawn Wizard)          Turns: 47630, Time: 03:33:30

Health: 0/127      AC: 10    Str:  8    XL:     18   Next: 82%
Magic:  29/45      EV: 12    Int: 27    God:    Sif Muna [*****.]
Gold:   2203       SH: 12    Dex: 12    Spells: 10/45 levels left

rFire    + + .     SeeInvis .   L - staff of conjuration
rCold    + + .     Gourm    .   U - +2 shield {AC+3}
rNeg     + . .     Faith    .   o - +2 robe {MR+}
rPois    +         Spirit   .   q - -2 hat of the Alchemist {rElec rPois rF+ rC+ rN+ MR+ rMut rCorr}
rElec    +         Reflect  .   (no cloak)
rCorr    +         Harm     .   p - +1 pair of gloves
rMut     +                      (boots unavailable)
MR       ++++.                  T - amulet of magic regeneration
Stlth    +++.......             P - ring of wizardry
Regen    3.4/turn               v - ring of magical power
MPRegen  0.5/turn

@: lethally poisoned (0 -> 0), constricted
A: talons 3, thin metallic scales 2, cold resistance 1, fire resistance 1, magic
resistance 1, nightstalker 1, powered by death 2, freezing cloud immunity
}: 1/15 runes: decaying
a: Divine Energy, Channel Magic, Forget Spell, Renounce Religion


You were on level 2 of the Snake Pit.
You worshipped Sif Muna.
Sif Muna was extremely pleased with you.
You were near starving.

You visited 6 branches of the dungeon, and saw 30 of its levels.
You also visited: Ossuary, Bailey and Volcano.

You collected 3651 gold pieces.
You spent 1448 gold pieces at shops.

Inventory:

Hand Weapons
 n - the +5 whip of Tortfeasance {pain, +Fly rF+++ rC- MR-}
   (You bought it in a shop on level 1 of the Orcish Mines)

   In the hands of one skilled in necromantic magic, it inflicts extra damage on
   living creatures.
   It renders you almost immune to fire.
   It makes you vulnerable to cold.
   It affects your resistance to hostile enchantments.
   It lets you fly.
 D - a +4 scimitar of electrocution
Armour
 e - a scarf of cloud immunity
 o - a +2 robe of magic resistance (worn)
 p - a +1 pair of gloves (worn)
 q - the -2 hat of the Alchemist (worn) {rElec rPois rF+ rC+ rN+ MR+ rMut rCorr}
   (You acquired it on level 2 of the Orcish Mines)

   It protects you from fire.
   It protects you from cold.
   It insulates you from electricity.
   It protects you from poison.
   It protects you from negative energy.
   It affects your resistance to hostile enchantments.
   It protects you from acid and corrosion.
   It protects you from mutation.
 H - a +0 buckler
 I - a scarf of spirit shield
 U - a +2 shield of protection (worn)
Magical Staves
 b - an uncursed staff of wizardry
 l - an uncursed staff of power
 J - an uncursed staff of fire
 L - an uncursed staff of conjuration (weapon)
Jewellery
 v - a ring of magical power (right hand)
 A - an uncursed amulet of the gourmand
 P - a ring of wizardry (left hand)
 T - an amulet of magic regeneration (around neck)
 W - a +3 ring of evasion
Wands
 g - a wand of iceblast (8/15)
 C - a wand of lightning (6/15)
 G - a wand of clouds (9/9)
 M - a wand of disintegration (14/24)
 R - a wand of acid (3/15)
 S - a wand of scattershot (4/9)
Scrolls
 j - 9 scrolls of remove curse
 m - 21 scrolls of identify
 s - 3 scrolls of fear
 t - 6 scrolls of teleportation
 u - 2 scrolls of magic mapping
 w - a scroll of recharging
 B - a scroll of enchant armour
 N - 2 scrolls of silence
Potions
 h - 4 potions of brilliance
 i - 5 potions of haste
 k - 12 potions of heal wounds
 z - 12 potions of curing
 E - 4 potions of magic
 F - a potion of mutation
 K - 2 potions of cancellation
Books
 c - a book of Flames

   Spells                             Type                      Level
   a - Flame Tongue                   Conjuration/Fire             1
   b - Throw Flame                    Conjuration/Fire             2
   c - Conjure Flame                  Conjuration/Fire             3
   d - Inner Flame                    Hexes/Fire                   3
   e - Sticky Flame                   Conjuration/Fire             4
   f - Fireball                       Conjuration/Fire             5
 f - a book of the Earth

   Spells                             Type                      Level
   a - Leda's Liquefaction            Hexes/Earth                  4
   b - Bolt of Magma                  Conjuration/Fire/Earth       5
   c - Statue Form                    Transmutation/Earth          6
   d - Iron Shot                      Conjuration/Earth            6
   e - Shatter                        Earth                        9
 x - Voshatt's Almanac of Boosting Flight
   (Sif Muna gifted it to you on level 15 of the Dungeon)

   Spells                             Type                      Level
   a - Song of Slaying                Charms                       2
   b - Shroud of Golubria             Charms/Translocation         2
   c - Static Discharge               Conjuration/Air              3
   d - Silence                        Hexes/Air                    5
 y - Jiskiz's Volume of Shifting Curses
   (Sif Muna gifted it to you on level 14 of the Dungeon)

   Spells                             Type                      Level
   a - Ensorcelled Hibernation        Hexes/Ice                    2
   b - Cause Fear                     Hexes                        4
   c - Ice Form                       Ice/Transmutation            4
   d - Summon Mana Viper              Hexes/Summoning              5
   e - Blade Hands                    Transmutation                5
 O - Sif Muna's Incunabulum of Ignition and Feathers
   (Sif Muna gifted it to you on level 3 of the Swamp)

   Spells                             Type                      Level
   a - Throw Flame                    Conjuration/Fire             2
   b - Sticky Flame                   Conjuration/Fire             4
   c - Conjure Ball Lightning         Conjuration/Air              6
   d - Ring of Flames                 Charms/Fire                  7
Miscellaneous
 r - a sack of spiders
 Y - a fan of gales
Comestibles
 a - 26 royal jellies
 d - 23 bread rations
 Q - 2 meat rations


   Skills:
 - Level 7.3 Fighting
 - Level 4.1 Long Blades
 - Level 8.0 Dodging
 - Level 1.7 Stealth
 + Level 10.1 Shields
 * Level 14.1 Spellcasting
 + Level 17.7 Conjurations
 - Level 6.3 Charms
   Level 3.2 Summonings
 - Level 0.8 Translocations
 - Level 4.0 Transmutations
 + Level 12.5 Fire Magic
 - Level 3.0 Air Magic
 - Level 3.0 Poison Magic
 - Level 8.0 Invocations


You had 10 spell levels left.
You knew the following spells:

 Your Spells              Type           Power        Failure   Level  Hunger
a - Magic Dart            Conj           ####         0%          1    None
b - Blink                 Tloc           N/A          2%          2    None
c - Iskenderun's Battles  Conj/Chrm      #######.     1%          5    #......
d - Mephitic Cloud        Conj/Pois/Air  #######.     1%          3    None
e - Apportation           Tloc           ###...       1%          1    None
f - Irradiate             Conj/Tmut      #######...   1%          5    #......
g - Iskenderun's Mystic   Conj           ########     1%          4    None
h - Fireball              Conj/Fire      ########..   1%          5    #......
i - Orb of Destruction    Conj           ########..   1%          7    ######.
k - Swiftness             Chrm/Air       #####...     1%          2    None


Dungeon Overview and Level Annotations

Branches:
Dungeon (15/15)            Temple (1/1) D:6            Lair (6/6) D:9
  Swamp (4/4) Lair:2        Snake (2/4) Lair:2        Slime (0/5) Lair:6
    Orc (2/2) D:11            Elf (0/3) Orc:2        Vaults (0/5) D:14
 Depths (0/5) D:15

Altars:
Ashenzari
Cheibriados
Dithmenos
Elyvilon
Fedhas
Gozag
Hepliaklqana
Kikubaaqudgha
Makhleb
Okawaru
Ru
Sif Muna
Trog
Uskayaw
Vehumet
Xom
Yredelemnul
Zin
The Shining One
Beogh
Jiyva

Shops:
D:4 [   D:14 *   Orc:1 *   Orc:2 %((*

Annotations:
Lair:2 StylePro's ghost, journeyman DDFi


Innate Abilities, Weirdness & Mutations

You have claws for feet.
You are mostly covered in thin metallic scales. (AC +3)
Your flesh is cold resistant. (rC+)
You are slightly more attuned to the shadows.
You regenerate health from kills.
You are immune to freezing clouds.
Your flesh is heat resistant. (rF+)
You are resistant to hostile enchantments. (MR+)


Message History

Your battlesphere fires!
The barrage of energy hits the naga warrior.
The naga warrior is severely wounded.
Your battlesphere expends the last of its energy and dissipates.
The naga hits you with a flail! You block the naga's attack.
The naga warrior hits you with a scimitar!!
The naga warrior grabs you.
* * * LOW HITPOINT WARNING * * *
The naga warrior constricts you. You block the naga warrior's attack.
Unknown command.
Unknown command.
Unknown command.
Casting: Fireball
Confirm with . or Enter, or press ? or * to list all spells.
The naga warrior's grasp on you weakens, but your attempt to escape fails.
You feel sick. The naga hits you with a flail!
* * * LOW HITPOINT WARNING * * *
The naga warrior hits you with a scimitar!!
* * * LOW HITPOINT WARNING * * *
You die...

##### #...# #...## #....###
#!.<.N.###########
#N).#.....##.....#
#ยง##.............. #######
##@#...........>...
#.....######NN#...............
#.###......#.##.....)........)
#.# ######...##.........).)...
#.## ##..##..<...(.)......
#..# #..##....).......((.
##.## #..###.......)......
#..## ##.....).....##.....#
#...## #...###.....#########


You could see 2 naga warriors and a naga.

Vanquished Creatures
  Bai Suzhen (Swamp:3)
  Gastronok (Lair:2)
  Donald (Orc:2)
  An orc warlord (Bailey)
  Louise (Swamp:3)
  Azrael (D:13)
  An ogre mage (Orc:2)
  A fire dragon (Lair:6)
  Erolcha (Orc:1)
  6 naga warriors
  4 vault guards (D:14)
  4 ghost crabs
  Harold (D:12)
  Fannar (Lair:1)
  2 ice dragons
  25 hydras
  12 two-headed ogres
  4 anacondas
  3 catoblepae
  6 centaur warriors
  11 alligators
  The ghost of IjonTichy1 the Covert, a journeyman OpBe of Trog (D:11)
  8 death yaks
  A vampire mage (D:15)
  Urug (D:10)
  5 naga sharpshooters (Snake:2)
  7 orc high priests (Orc:2)
  A sun demon (Volcano)
  4 shock serpents
  A salamander mystic (Snake:2)
  A golden dragon zombie (D:15)
  12 swamp dragons
  2 spriggan druids (Swamp:4)
  2 unseen horrors (D:15)
  A naga ritualist (Snake:1)
  A wizard (D:15)
  2 shambling mangroves
  3 lindwurms (Lair:6)
  Pikel (D:8)
  2 oklob plants (Lair:4)
  14 orc knights
  A necromancer (D:15)
  9 ugly things
  A frost giant zombie (D:15)
  3 orc sorcerers
  5 mana vipers
  10 elephants
  6 cyclopes
  4 manticores
  5 salamanders
  Joseph (D:10)
  Maurice (D:9)
  16 black mambas
  An ice statue (Snake:2)
  5 naga magi
  A guardian serpent (Snake:2)
  Psyche (D:9)
  4 molten gargoyles
  A gargoyle (D:14)
  17 spiny frogs
  12 komodo dragons
  6 torpor snails (Lair:6)
  3 centaur skeletons
  3 rime drakes
  2 efreet (D:14)
  A freezing wraith (D:15)
  2 guardian mummies
  A meliai (D:8)
  10 tyrant leeches
  7 trolls
  A polar bear (Lair:5)
  18 hornets
  19 blink frogs
  26 slime creatures
  7 bog bodies
  12 dream sheep
  A meliai zombie (D:14)
  26 hippogriffs
  4 shadows
  2 wraiths
  2 spriggans
  44 yaks
  A human (D:12)
  A deep troll skeleton (D:15)
  2 fire bats (Volcano)
  3 fire elementals
  A hog (D:12)
  6 basilisks
  12 wyverns
  A hungry ghost (D:12)
  31 vampire mosquitoes
  A warg (Orc:2)
  11 nagas
  20 insubstantial wisps
  15 swamp worms
  13 water moccasins
  A tengu skeleton (D:15)
  Duvessa (D:4)
  9 hell hounds
  12 swamp drakes
  3 slaves (D:8)
  7 porcupines
  55 orc warriors
  4 black bears
  9 ice beasts
  A phantom (D:13)
  8 sky beasts
  18 ogres
  4 necrophages
  22 centaurs
  22 wolves
  10 crocodiles
  5 big kobolds
  19 bullfrogs
  Blork the orc (D:4)
  An elf zombie (Ossuary)
  A gnoll sergeant (D:8)
  4 scorpions
  Dowan (D:4)
  A water moccasin skeleton (D:6)
  27 killer bees
  14 wights
  3 howler monkeys (D:12)
  13 crimson imps
  13 lava snakes
  A bullfrog zombie (D:9)
  3 centaur zombies
  A quasit (D:7)
  6 hounds
  2 jellies
  52 orc priests
  3 bullfrog skeletons
  7 iguanas
  Crazy Yiuf (D:7)
  26 orc wizards
  12 worker ants
  A killer bee zombie (D:8)
  3 hound zombies
  4 mummies
  2 worker ant zombies
  11 gnolls
  9 adders
  7 shadow imps
  3 oozes
  An adder skeleton (D:6)
  3 adder zombies
  A worm (D:2)
  3 dart slugs (D:1)
  9 leopard geckos
  130 orcs
  3 ball pythons (D:3)
  5 bats
  7 giant cockroaches
  16 goblins
  7 hobgoblins
  12 jackals
  5 quokkas
  8 frilled lizards
  3 goblin zombies (Ossuary)
  4 hobgoblin zombies (Ossuary)
  A jackal skeleton (D:6)
  6 jackal zombies
  39 kobolds
  2 kobold zombies (Ossuary)
  A leopard gecko skeleton (D:5)
  An orc zombie (Ossuary)
  A quokka skeleton (D:4)
  5 quokka zombies
  3 rats
  3 rat zombies (Ossuary)
  A fungus (Lair:6)
  3 plants
1303 creatures vanquished.

Vanquished Creatures (collateral kills)
  Erica (D:8)
  A komodo dragon (Lair:1)
  A slime creature (D:6)
  2 yaks (Lair:2)
  A crocodile (Lair:2)
  2 elf zombies (Ossuary)
  A wyvern zombie (D:9)
  2 killer bees (Lair:1)
  2 human zombies (Ossuary)
  A big kobold zombie (Ossuary)
  A mummy (Ossuary)
  An adder zombie (Ossuary)
  An orc (D:6)
  2 gnoll zombies (Ossuary)
  A jackal zombie (Ossuary)
  A plant (Lair:1)
21 creatures vanquished.

Vanquished Creatures (others)
  A black mamba (Lair:6)
  A queen bee (Lair:1)
  2 insubstantial wisps (Swamp:1)
  2 killer bees (Lair:1)
  An adder zombie (D:8)
  17 fungi
  30 plants
  2 withered plants (D:15)
56 creatures vanquished.

Grand Total: 1380 creatures vanquished

Notes
Turn   | Place    | Note
-------+----------+-------------------------------------------
     0 | D:1      | Hasart the Demonspawn Wizard began the quest for the Orb.
     0 | D:1      | Reached XP level 1. HP: 13/13 MP: 4/4
   226 | D:1      | Gained mutation: You have sharp toenails. [demonic ancestry]
   226 | D:1      | Reached XP level 2. HP: 19/19 MP: 4/6
   455 | D:1      | Reached skill level 2 in Conjurations
   571 | D:1      | Gained mutation: You have razor-sharp toenails. [demonic ancestry]
   571 | D:1      | Reached XP level 3. HP: 17/24 MP: 7/7
   615 | D:1      | Learned a level 2 spell: Blink
   618 | D:1      | Learned a level 2 spell: Call Imp
   622 | D:1      | Learned a level 3 spell: Mephitic Cloud
   730 | D:1      | Found a snail-covered altar of Cheibriados.
  1415 | D:2      | Found a faded altar of an unknown god.
  2005 | D:3      | Reached skill level 3 in Conjurations
  2005 | D:3      | Gained mutation: You regenerate a little health from kills. [demonic ancestry]
  2005 | D:3      | Reached XP level 4. HP: 26/30 MP: 6/9
  2636 | D:3      | Noticed a centaur
  2699 | D:3      | Gained mutation: You regenerate health from kills. [demonic ancestry]
  2699 | D:3      | Reached XP level 5. HP: 14/35 MP: 11/11
  2732 | D:3      | Killed a centaur
  2732 | D:3      | Reached skill level 4 in Conjurations
  2953 | D:3      | Noticed an ice beast
  3006 | D:4      | Found Qenig's Antique Armour Shop.
  3060 | D:4      | Found an ancient bone altar of Kikubaaqudgha.
  3074 | D:4      | Noticed Duvessa
  3074 | D:4      | Noticed Dowan
  3090 | D:4      | Killed Dowan
  3090 | D:4      | Gained mutation: You are partially covered in thin metallic scales. (AC +2) [demonic ancestry]
  3090 | D:4      | Reached XP level 6. HP: 37/41 MP: 12/12
  3091 | D:4      | Killed Duvessa
  3091 | D:4      | Reached skill level 5 in Conjurations
  3091 | D:4      | Reached skill level 1 in Poison Magic
  3119 | D:4      | Found a sand-covered staircase.
  3124 | Ossuary  | Entered an ossuary
  3152 | Ossuary  | Reached skill level 1 in Air Magic
  3515 | Ossuary  | Gained mutation: Your flesh is cold resistant. (rC+) [demonic ancestry]
  3515 | Ossuary  | Reached XP level 7. HP: 29/46 MP: 14/14
  4023 | Ossuary  | Reached skill level 5 in Spellcasting
  5241 | D:4      | Noticed Blork the orc
  5290 | D:4      | Killed Blork the orc
  5290 | D:4      | Reached skill level 6 in Conjurations
  5394 | D:5      | Entered Level 5 of the Dungeon
  5454 | D:5      | Gained mutation: You have claws for feet. [demonic ancestry]
  5454 | D:5      | Reached XP level 8. HP: 52/52 MP: 16/16
  6221 | D:6      | Reached skill level 1 in Fighting
  6305 | D:6      | Got a fine large shield
  6306 | D:6      | Identified the +7 large shield "Cewyjev" {rElec} (You found it on level 6 of the Dungeon)
  6482 | D:6      | Found a staircase to the Ecumenical Temple.
  6489 | Temple   | Entered the Ecumenical Temple
  6616 | Temple   | Became a worshipper of Sif Muna the Loreminder
  6742 | D:6      | Found a sacrificial altar of Ru.
  6751 | D:6      | Reached skill level 7 in Conjurations
  6945 | D:6      | Reached skill level 1 in Long Blades
  6945 | D:6      | Reached skill level 1 in Invocations
  7172 | D:6      | Learned a level 1 spell: Apportation
  7516 | D:7      | Found a shattered altar of Ashenzari.
  7554 | D:7      | Reached XP level 9. HP: 62/62 MP: 17/17
  7647 | D:7      | Found a hazy altar of Hepliaklqana.
  7986 | D:7      | Found a runed door.
  7990 | D:7      | Noticed Crazy Yiuf
  7998 | D:7      | Killed Crazy Yiuf
  8245 | D:7      | Reached * piety under Sif Muna
  8423 | D:8      | Reached skill level 8 in Conjurations
  8512 | D:8      | Found a shimmering altar of Xom.
  8512 | D:8      | Found a shimmering altar of Xom.
  8512 | D:8      | Found a shimmering altar of Xom.
  8513 | D:8      | Found a shimmering altar of Xom.
  8513 | D:8      | Found a shimmering altar of Xom.
  8528 | D:8      | Found a shimmering altar of Xom.
  9092 | D:8      | Noticed Erica
  9103 | D:8      | Killed Erica
  9142 | D:8      | Reached XP level 10. HP: 39/71 MP: 1/19
  9984 | D:7      | Reached skill level 9 in Conjurations
 10118 | D:8      | Noticed a cyclops
 10253 | D:8      | Killed a cyclops
 10253 | D:8      | Reached skill level 5 in Invocations
 10477 | D:8      | Reached ** piety under Sif Muna
 10981 | D:8      | Noticed a two-headed ogre
 11005 | D:8      | Killed a two-headed ogre
 11328 | D:8      | Reached skill level 5 in Fighting
 11435 | D:8      | Noticed Pikel
 11643 | D:8      | Killed Pikel
 11643 | D:8      | Reached skill level 10 in Conjurations
 12030 | D:8      | Noticed a sea snake
 12067 | D:8      | Noticed a lindwurm
 12184 | D:9      | Reached XP level 11. HP: 79/79 MP: 19/22
 12211 | D:8      | Noticed an anaconda
 12394 | D:9      | Learned a level 5 spell: Irradiate
 12449 | D:9      | Reached skill level 5 in Dodging
 12450 | D:9      | Found a bloodstained altar of Trog.
 12592 | D:9      | Noticed Maurice
 12610 | D:9      | Killed Maurice
 12818 | D:9      | Reached *** piety under Sif Muna
 12867 | D:9      | Reached skill level 1 in Transmutations
 12977 | D:9      | Found a staircase to the Lair.
 12988 | Lair:1   | Entered Level 1 of the Lair of Beasts
 13550 | D:9      | Noticed Psyche
 13562 | D:9      | Killed Psyche
 13632 | D:9      | Found a hide-covered altar of Uskayaw.
 14090 | Lair:1   | Reached **** piety under Sif Muna
 14090 | Lair:1   | Reached skill level 11 in Conjurations
 15587 | Lair:1   | Reached XP level 12. HP: 83/84 MP: 20/24
 15933 | Lair:2   | Noticed Fannar
 16573 | Lair:2   | Reached ***** piety under Sif Muna
 16726 | Lair:2   | Noticed StylePro's ghost (journeyman DDFi)
 16984 | Lair:2   | Reached skill level 12 in Conjurations
 16998 | Lair:2   | Received a gift from Sif Muna
 16999 | Lair:2   | Identified Sif Muna's Tome of Confrontation and Feathers (Sif Muna gifted it to you on level 2 of the Lair of Beasts)
 17000 | Lair:2   | Noticed Gastronok
 17019 | Lair:2   | Noticed a five-headed hydra
 17120 | Lair:1   | Learned a level 4 spell: Iskenderun's Mystic Blast
 17140 | Lair:1   | Killed Fannar
 17294 | Lair:2   | Learned a level 5 spell: Fireball
 17368 | Lair:2   | Found a staircase to the Swamp.
 17406 | Lair:2   | Killed Gastronok
 17406 | Lair:2   | Reached skill level 1 in Fire Magic
 17678 | Lair:2   | Found a staircase to the Snake Pit.
 18056 | Lair:3   | Found a dark tunnel.
 18068 | Volcano  | Entered a volcano
 18436 | Volcano  | Found a radiant altar of Vehumet.
 19104 | Lair:3   | Noticed a four-headed hydra
 19109 | Lair:3   | Killed a four-headed hydra
 19368 | Lair:3   | Gained mutation: Your flesh is heat resistant. (rF+) [potion of mutation]
 19368 | Lair:3   | Gained mutation: You evolve. [potion of mutation]
 19839 | Lair:3   | Gained mutation: You are mostly covered in thin metallic scales. (AC +3) [demonic ancestry]
 19839 | Lair:3   | Reached XP level 13. HP: 91/91 MP: 22/26
 20256 | Lair:4   | Gained mutation: You are resistant to hostile enchantments. (MR+) [evolution]
 20564 | Lair:4   | Reached skill level 5 in Fire Magic
 21007 | Lair:4   | Reached skill level 1 in Shields
 21106 | Lair:4   | Found a glowing silver altar of Zin.
 21311 | Lair:4   | Reached skill level 13 in Conjurations
 21680 | Lair:4   | Lost mutation: You evolve. [evolution]
 21904 | Lair:5   | Identified Sif Muna's Incunabulum of Arcane Weapons (Sif Muna gifted it to you on level 5 of the Lair of Beasts)
 21904 | Lair:5   | Received a gift from Sif Muna
 22500 | Lair:5   | Found an iron altar of Okawaru.
 22913 | Lair:6   | Entered Level 6 of the Lair of Beasts
 22966 | Lair:6   | Reached skill level 10 in Spellcasting
 23182 | Lair:6   | Found a viscous altar of Jiyva.
 23182 | Lair:6   | Found a staircase to the Slime Pits.
 23542 | D:10     | Entered Level 10 of the Dungeon
 23653 | D:10     | Noticed Urug
 23655 | D:10     | Noticed Joseph
 23661 | D:10     | Killed Urug
 23664 | D:10     | Killed Joseph
 24882 | D:11     | Reached XP level 14. HP: 98/98 MP: 28/28
 24906 | D:11     | Noticed IjonTichy1's ghost (journeyman OpBe)
 24912 | D:11     | Killed IjonTichy1's ghost
 24912 | D:11     | Received a gift from Sif Muna
 25016 | D:11     | Found a staircase to the Orcish Mines.
 25474 | Orc:1    | Entered Level 1 of the Orcish Mines
 25592 | Orc:1    | Found Poimug's Assorted Antiques.
 25607 | Orc:1    | Noticed Erolcha
 25614 | Orc:1    | Killed Erolcha
 25715 | Orc:1    | Bought a papyrus book for 435 gold pieces
 25715 | Orc:1    | Bought a bone whip for 217 gold pieces
 25715 | Orc:1    | Identified the +5 whip of Tortfeasance {pain, +Fly rF+++ rC- MR-} (You bought it in a shop on level 1 of the Orcish Mines)
 25720 | Orc:1    | Learned a level 3 spell: Ignite Poison
 25723 | Orc:1    | Learned a level 2 spell: Sublimation of Blood
 25726 | Orc:1    | Learned a level 2 spell: Swiftness
 26102 | Orc:1    | Found a roughly hewn altar of Beogh.
 26311 | Orc:2    | Entered Level 2 of the Orcish Mines
 26328 | Orc:2    | Noticed Donald
 26340 | Orc:2    | Killed Donald
 26476 | Orc:2    | Reached skill level 5 in Shields
 26938 | Orc:2    | Reached skill level 14 in Conjurations
 27077 | Orc:2    | Found a staircase to the Elven Halls.
 27176 | Orc:2    | Identified Sif Muna's Incunabulum of Battle Magic (Sif Muna gifted it to you on level 2 of the Orcish Mines)
 27176 | Orc:2    | Received a gift from Sif Muna
 27423 | Orc:2    | Reached skill level 10 in Fire Magic
 28123 | Orc:2    | Learned a level 5 spell: Iskenderun's Battlesphere
 28196 | Orc:2    | Found a roughly hewn altar of Beogh.
 28485 | Orc:2    | Found Hineeg Fiod's Weapon Emporium.
 28488 | Orc:2    | Found Ycosijul's Antique Weapon Shoppe.
 28489 | Orc:2    | Found Duuxett's Food Emporium.
 28490 | Orc:2    | Found Lar Zara's General Store.
 28496 | Orc:2    | Bought a scroll of acquirement for 676 gold pieces
 28691 | Lair:2   | Learned a level 7 spell: Orb of Destruction
 28794 | Lair:5   | Reached XP level 15. HP: 93/103 MP: 25/30
 28799 | Lair:5   | Reached skill level 1 in Charms
 29051 | Lair:6   | Found a runed door.
 30126 | Lair:6   | Received a gift from Sif Muna
 30322 | Lair:6   | Reached skill level 15 in Conjurations
 30332 | Lair:6   | Paralysed by a hornet for 3 turns
 32509 | D:12     | Found a radiant altar of Vehumet.
 32730 | D:12     | Noticed Harold
 32742 | D:12     | Killed Harold
 33401 | D:13     | Got a shimmering plate armour
 33402 | D:13     | Identified the +4 plate armour "Geroiro" {rPois} (You found it on level 13 of the Dungeon)
 33689 | D:13     | Noticed Azrael
 33761 | D:14     | Found a gate to the Vaults.
 33764 | D:14     | Received a gift from Sif Muna
 33897 | D:14     | Identified Jiskiz's Volume of Shifting Curses (Sif Muna gifted it to you on level 14 of the Dungeon)
 34024 | D:14     | Found a shadowy altar of Dithmenos.
 34049 | D:14     | Found a flagged portal.
 34062 | Bailey   | Entered a bailey
 34067 | Bailey   | Noticed an orc warlord
 34209 | Bailey   | Found a runed gate.
 34233 | Bailey   | Found a runed gate.
 34243 | Bailey   | Found a runed gate.
 34409 | Bailey   | Killed an orc warlord
 34490 | Bailey   | Reached XP level 16. HP: 115/115 MP: 31/31
 35287 | D:14     | Gained mutation: You are immune to freezing clouds. [demonic ancestry]
 35287 | D:14     | Reached XP level 17. HP: 120/120 MP: 25/32
 35731 | D:14     | Found Vayschat's Assorted Antiques.
 35739 | D:14     | Bought a scroll of teleportation for 120 gold pieces
 35900 | D:15     | Entered Level 15 of the Dungeon
 35959 | D:14     | Reached skill level 16 in Conjurations
 36331 | D:15     | Received a gift from Sif Muna
 36332 | D:15     | Identified Voshatt's Almanac of Boosting Flight (Sif Muna gifted it to you on level 15 of the Dungeon)
 36804 | D:15     | Reached skill level 5 in Charms
 37553 | D:13     | Killed Azrael
 37992 | D:15     | Found a staircase to the Depths.
 38612 | Swamp:1  | Entered Level 1 of the Swamp
 39709 | Swamp:1  | Received a gift from Sif Muna
 41596 | Swamp:3  | Reached skill level 17 in Conjurations
 41760 | Swamp:3  | Noticed Louise
 41772 | Swamp:3  | Killed Louise
 42118 | Swamp:3  | Noticed Bai Suzhen
 42130 | Swamp:3  | Killed Bai Suzhen
 42130 | Swamp:3  | Identified Sif Muna's Incunabulum of Ignition and Feathers (Sif Muna gifted it to you on level 3 of the Swamp)
 42130 | Swamp:3  | Received a gift from Sif Muna
 42130 | Swamp:3  | Gained mutation: You are slightly more attuned to the shadows. [demonic ancestry]
 42130 | Swamp:3  | Reached XP level 18. HP: 68/127 MP: 0/34
 42418 | Swamp:3  | Upgraded the game from 0.20.0-8-g6b59dc7 to 0.20.0-10-g0535bb4
 42835 | Swamp:4  | Entered Level 4 of the Swamp
 43898 | Swamp:4  | Got a decaying rune of Zot
 44215 | Snake:1  | Entered Level 1 of the Snake Pit
 44621 | Snake:1  | Received a gift from Sif Muna
 46485 | Snake:2  | Reached skill level 10 in Shields
 47630 | Snake:2  | HP: 1/127 [naga warrior/scimitar (25)]
 47630 | Snake:2  | Slain by a naga warrior

Skill      XL: |  1  2  3  4  5  6  7  8  9 10 11 12 13 14 15 16 17 18 |
---------------+-------------------------------------------------------+-----
Conjurations   | 2 3 4 5 6 7 8 10 11 12 13 14 15 17 | 17.7
Spellcasting   | 4 5 6 7 8 9 10 11 12 14 | 14.1
Poison Magic   | 1 2 3 |  3.0
Air Magic      | 1 2 3 |  3.0
Summonings     | 2 3 |  3.2
Fighting       | 2 3 5 7 |  7.3
Dodging        | 2 3 4 6 7 8 |  8.0
Long Blades    | 1 2 4 |  4.1
Invocations    | 1 4 6 8 |  8.0
Transmutations | 3 4 |  4.0
Fire Magic     | 4 8 10 11 12 | 12.5
Shields        | 3 6 7 9 10 | 10.1
Charms         | 4 6 |  6.3
Stealth        | |  1.7
Translocations | |  0.8

Action                   |  1- 3 |  4- 6 |  7- 9 | 10-12 | 13-15 | 16-18 || total
-------------------------+-------+-------+-------+-------+-------+-------++-------
Melee: Unarmed           |    43 |       |     1 |       |       |       ||    44
       Dagger            |    98 |   168 |   169 |       |       |       ||   435
       Kick              |     9 |       |    28 |    87 |   127 |     1 ||   252
       Scimitar          |       |       |   134 |   298 |   507 |       ||   939
       Staff             |       |       |       |       |    17 |     8 ||    25
 Cast: Magic Dart        |    29 |     8 |   231 |   816 |   354 |   660 ||  2098
       Mephitic Cloud    |       |     9 |    24 |   103 |    66 |       ||   202
       Call Imp          |       |    16 |    17 |    44 |       |       ||    77
       Blink             |       |       |       |     4 |     9 |    13 ||    26
       Iskenderun's Myst |       |       |       |    66 |   101 |    65 ||   232
       Fireball          |       |       |       |     8 |   281 |   189 ||   478
       Irradiate         |       |       |       |       |    15 |     6 ||    21
       Orb of Destructio |       |       |       |       |    24 |     5 ||    29
       Iskenderun's Batt |       |       |       |       |    41 |   153 ||   194
       Ignite Poison     |       |       |       |       |     1 |       ||     1
Invok: Channel Magic     |       |       |       |       |     5 |     7 ||    12
       Forget Spell      |       |       |       |       |     1 |       ||     1
  Use: Scroll            |     3 |     1 |     8 |     4 |    15 |     7 ||    38
       Potion            |       |     2 |       |     8 |     6 |     2 ||    18
 Stab: Sleeping          |     4 |     3 |     8 |     1 |     3 |       ||    19
       Confused          |       |     2 |     4 |    19 |    28 |       ||    53
       Distracted        |       |       |     2 |     2 |       |       ||     4
  Eat: Chunk             |     3 |     5 |     7 |    23 |    72 |    18 ||   128
       Fruit             |       |       |     2 |     4 |    13 |    10 ||    29
       Meat ration       |       |       |     1 |     2 |     4 |     4 ||    11
       Royal jelly       |       |       |     3 |       |       |     5 ||     8
       Bread ration      |       |       |       |       |       |     2 ||     2
Armor: Robe              |    24 |    49 |   140 |   116 |   134 |    53 ||   516
Dodge: Dodged            |    80 |   100 |   215 |   365 |   631 |   263 ||  1654
Block: Buckler           |       |       |       |       |   122 |   108 ||   230
       Shield            |       |       |       |       |       |     7 ||     7
       Rpst.: Scimitar   |       |       |    26 |   118 |   139 |       ||   283
